 Dungeon Crawl Stone Soup version 0.19.5 (webtiles) character file.

0 Gargoyl the Skirmisher (level 1, -22/18 (19) HPs)
             Began as a Ghoul Abyssal Knight on Apr 12, 2017.
             Was a Follower of Lugonu.
             Annihilated by a bone dragon (23 damage)
             ... on level 1 of the Abyss.
             The game lasted 00:01:03 (256 turns).

Gargoyl the Skirmisher (Ghoul Abyssal Knight)        Turns: 256, Time: 00:01:04

HP:   -22/18 (19)   AC:  6    Str: 15    XL:     1   Next: 0%
MP:   1/1           EV: 10    Int:  7    God:    Lugonu [*.....]
Gold: 0             SH:  0    Dex:  8    Spells: 0 memorised, 0 levels left

rFire  . . .     SeeInvis .     a - +1 hand axe
rCold  + . .     Gourm    .     e - +1 ring mail {MR+}
rNeg   + + +     Faith    .     (no shield)
rPois  ∞         Spirit   .     (no helmet)
rElec  .         Reflect  .     (no cloak)
rCorr  .         Harm     .     (no gloves)
MR     +....                    (no boots)
Stlth  ..........               (no amulet)
                                (no ring)
                                (no ring)

@: rotting
A: rotting body, claws 1, carnivore 3, cold resistance 1, negative energy
resistance 3, slow regeneration 1, torment resistance, unbreathing
a: Depart the Abyss, Renounce Religion


You were on level 1 of the Abyss.
You worshipped Lugonu.
Lugonu was aware of your devotion.
You were not hungry.

You visited 0 branches of the dungeon, and saw 0 of its levels.
You visited the Abyss 1 time.

Inventory:

Hand Weapons
 a - a +1 hand axe (weapon)
Armour
 b - a +0 leather armour
 d - a +0 ring mail
 e - a +1 ring mail of magic resistance (worn)
Comestibles
 c - a meat ration


   Skills:
 + Level 3.2 Fighting
 + Level 1.7 Axes
 + Level 1.7 Armour
 + Level 0.8 Dodging
 + Level 2.0 Invocations


You couldn't memorise any spells.
You didn't know any spells.

Dungeon Overview and Level Annotations

Branches:
Dungeon (0/15)

Altars:


Innate Abilities, Weirdness & Mutations

Your body is rotting away.
You thrive on raw meat.
You are immune to poison.
You have sharp fingernails.
You are carnivorous and can eat meat at any time.
Your flesh is cold resistant. (rC+)
You are immune to negative energy. (rN+++)
You regenerate slowly when monsters are visible.
You are immune to unholy pain and torment.
You can survive without breathing.


Message History

A large abomination comes into view.
The ynoxinul bellows!
The ynoxinul barely misses you.
The shadow disappears in a puff of smoke!
The worldbinder calls forth creatures from the Crypt!
The wraith disappears in a puff of smoke!
The worldbinder calls forth creatures from the Crypt!
The large abomination closely misses you.
The worldbinder barely misses you.
The worldbinder hits you but does no damage.
The worldbinder misses you.
The worldbinder hits you but does no damage.
The bone dragon bites you!
Ouch! That really hurt!
* * * LOW HITPOINT WARNING * * *
The bone dragon claws you but does no damage.
The bone dragon tramples you but does no damage.
The bone dragon bites you!!
Ouch! That really hurt!
You die...

# ## ### #.#####
.# #.#####..#.# #
##W##
#.#.#....#.###. ##
#....####..##.. .#
#
##.X.#X.4######W##
# ##.xD##.##.
xW.##x.# ##@.# #.
X#.... # #.#.3#
.#... ##.. # #.
#...##...#. ####
.# #.### ###.. .#
.# ...# ##..# . ##
## # .#. .. . .#


You could see a bone dragon, a tentacled starspawn, a large abomination, a
worldbinder and a ynoxinul.

Vanquished Creatures (others)
  4 starspawn tentacles (Abyss:1)
4 creatures vanquished.

Notes
Turn   | Place    | Note
-------+----------+-------------------------------------------
     0 | Abyss:1  | Gargoyl the Ghoul Abyssal Knight began the quest for the Orb.
     0 | Abyss:1  | Reached XP level 1. HP: 19/19 MP: 1/1
    22 | Abyss:1  | Found a sacrificial altar of Ru.
    64 | Abyss:1  | Found a corrupted altar of Lugonu.
   115 | Abyss:1  | Noticed an earth elemental
   191 | Abyss:1  | Noticed a ynoxinul
   199 | Abyss:1  | Found a corrupted altar of Lugonu.
   201 | Abyss:1  | Noticed a tentacled starspawn
   202 | Abyss:1  | Noticed an orange demon
   208 | Abyss:1  | Noticed a bone dragon
   212 | Abyss:1  | Noticed a worldbinder
   213 | Abyss:1  | Noticed a shadow
   213 | Abyss:1  | Noticed a necromancer
   213 | Abyss:1  | Noticed a wraith
   214 | Abyss:1  | Noticed a small abomination
   217 | Abyss:1  | Noticed an orange demon
   220 | Abyss:1  | Noticed a wraith
   220 | Abyss:1  | Noticed a shadow
   221 | Abyss:1  | Noticed a large abomination
   227 | Abyss:1  | Noticed a wraith
   227 | Abyss:1  | Noticed a wraith
   237 | Abyss:1  | Noticed a wraith
   237 | Abyss:1  | Noticed a wraith
   237 | Abyss:1  | Noticed a wraith
   256 | Abyss:1  | Annihilated by a bone dragon

Action                   || total
-------------------------++-------
Armor: Ring mail         ||     4
Dodge: Dodged            ||     6
